 Dungeon Sprint DCSS version 0.19.4-8-ga85b6b9 (webtiles) character file.

17200000 protoss039 the Talismancer (level 27, -25/272 (273) HPs)
             Began as a Ghoul Artificer on Feb 13, 2017.
             Was the Champion of Makhleb.
             Annihilated by a destroyer
             ... wielding a +9 great sword of slicing
              (178 damage)
             ... in the Dungeon (Sprint VIII: "Arena of Blood").
             The game lasted 00:06:35 (172 turns).

protoss039 the Talismancer (Ghoul Artificer)         Turns: 172, Time: 00:06:36

HP:   -25/272 (273) AC:  6    Str: 29    XL:     27
MP:   44/53         EV: 25    Int:  6    God:    Makhleb [******]
Gold: 0             SH:  0    Dex:  9    Spells: 0 memorised, 80 levels left

rFire  . . .     SeeInvis .     m - +∞ Axe of Woe
rCold  + . .     Gourm    .     b - +0 leather armour
rNeg   + + +     Faith    .     (shield currently unavailable)
rPois  ∞         Spirit   .     (no helmet)
rElec  .         Reflect  .     (no cloak)
rCorr  .         Harm     .     (no gloves)
MR     ++...     NoTele   +     (no boots)
Stlth  +++.......               (no amulet)
                                o - +250 ring of slaying
                                n - +250 ring of slaying

@: rotting, slowed, very slow
A: rotting body, claws 1, carnivore 3, cold resistance 1, negative energy
resistance 3, slow regeneration 1, torment resistance, unbreathing
a: Minor Destruction, Lesser Servant of Makhleb, Major Destruction, Greater
Servant of Makhleb, Renounce Religion
0: Orb of Zot


You were in the Dungeon.
You worshipped Makhleb.
Makhleb was exalted by your worship.
You were not hungry.

You visited 1 branch

Inventory:

Hand Weapons
 a - a +0 short sword
 m - the +∞ Axe of Woe (weapon)
   (You found it in the Dungeon)
Armour
 b - a +0 leather armour (worn)
Jewellery
 n - a +250 ring of slaying (left claw)
 o - a +250 ring of slaying (right claw)
Wands
 c - a wand of flame (15/48)
 d - a wand of enslavement (15/24)
 e - a wand of random effects (15/48)
Scrolls
 l - a scroll of blinking
Potions
 g - a potion of curing
 h - a potion of heal wounds
 i - a potion of haste
 j - 2 potions of magic
 k - a potion of berserk rage
Comestibles
 f - a meat ration


   Skills:
 O Level 27 Fighting
 O Level 27 Short Blades
 O Level 27 Axes
 O Level 27 Throwing
 O Level 27 Armour
 O Level 27 Dodging
 O Level 27 Stealth
 O Level 27 Unarmed Combat
 O Level 27 Spellcasting
 O Level 27 Invocations
 O Level 27 Evocations


You had 80 spell levels left.
You didn't know any spells.

Dungeon Overview and Level Annotations

Branches:
Dungeon (1/1)

Altars:
Makhleb


Innate Abilities, Weirdness & Mutations

Your body is rotting away.
You thrive on raw meat.
You are immune to poison.
You have sharp fingernails.
You are carnivorous and can eat meat at any time.
Your flesh is cold resistant. (rC+)
You are immune to negative energy. (rN+++)
You regenerate slowly when monsters are visible.
You are immune to unholy pain and torment.
You can survive without breathing.


Message History

You hear an angry hiss.
You hear a shout!
The meat beast is engulfed in roaring flames.
The meat beast closely misses you. The meat beast completely misses you.
You hear a shout! x2
The scourge is engulfed in roaring flames.
You hear a shout!
The meat beast is engulfed in roaring flames.
The meat beast bites you. The meat beast tramples you.
You stumble backwards!
The destroyer blinks! x2
You hear a shout!
The reaper completely misses you.
The meat berserker hits you with a +9 battleaxe!!!
The scourge is engulfed in roaring flames.
The meat beast is engulfed in roaring flames.
The meat beast bites you!! The meat beast tramples you.
You hold your ground!
The destroyer is engulfed in roaring flames.
You hear a shout!
The destroyer hits you with a +9 great sword of slicing!!!!!
Ouch! That really hurt!
You die...

#... ..# . #%.X
%.# . ..###%..
..###..
.....%%###.%.....
....%.%%_%.......
#..))%# §... .
#_)o)2#.§.%.
....#§V§))..%...
...%.O§S2@V..%%%%
.....M§###O.%%...
..###... ..###..
. #.L. %.# . #...
..# .....


%DD .... ..p. ..%. You could see an accursed, a meat beast, a reaper, 2
eight-headed meat hydras, 2 destroyers, a scourge, a fleshlord, 2 meat
berserkers and a bag of meat.

Vanquished Creatures
  Dispater (D)
  10 hell knights (D)
  13 hell beasts (D)
  11 greater mummies (D)
  6 great orbs of eyes (D)
  9 wraiths (D)
  Harold (D)
  24 vampire knights (D)
  50 ogres (D)
  8 liches (D)
  13 hydras (D)
  127 orcs (D)
  4 phantoms (D)
  12 hill giants (D)
  5 skeletal warriors (D)
  9 sea snakes (D)
  6 small abominations (D)
  12 large abominations (D)
  10 crawling corpses (D)
331 creatures vanquished.

Vanquished Creatures (others)
  4 ball lightnings (D)
4 creatures vanquished.

Grand Total: 335 creatures vanquished

Notes
Turn   | Place    | Note
-------+----------+-------------------------------------------
     0 | D        | protoss039 the Ghoul Artificer began the quest for the Orb.
     0 | D        | Reached XP level 1. HP: 16/16 MP: 1/1
     2 | D        | Became a worshipper of Makhleb the Destroyer
     4 | D        | Noticed a bag of meat
     5 | D        | Noticed a bag of meat
     6 | D        | Noticed a bag of meat
     7 | D        | Noticed a bag of meat
     8 | D        | Noticed a bag of meat
    10 | D        | Noticed a meat berserker
    10 | D        | Killed a bag of meat
    10 | D        | Reached skill level 5 in Fighting
    10 | D        | Reached XP level 2. HP: 29/29 MP: 1/12
    10 | D        | Reached XP level 3. HP: 36/36 MP: 1/14
    10 | D        | Reached XP level 4. HP: 42/42 MP: 1/15
    10 | D        | Reached XP level 5. HP: 48/48 MP: 1/17
    10 | D        | Reached XP level 6. HP: 56/56 MP: 1/18
    10 | D        | Reached XP level 7. HP: 61/61 MP: 1/20
    10 | D        | Reached XP level 8. HP: 69/69 MP: 1/21
    10 | D        | Reached XP level 9. HP: 74/74 MP: 1/22
    10 | D        | Reached XP level 10. HP: 81/81 MP: 1/23
    10 | D        | Reached XP level 11. HP: 88/88 MP: 1/24
    10 | D        | Reached XP level 12. HP: 94/94 MP: 1/25
    10 | D        | Killed a bag of meat
    10 | D        | Reached * piety under Makhleb
    10 | D        | Reached skill level 5 in Short Blades
    10 | D        | Reached XP level 13. HP: 104/104 MP: 1/28
    11 | D        | Noticed a bag of meat
    11 | D        | Killed a bag of meat
    11 | D        | Reached skill level 1 in Armour
    11 | D        | Reached XP level 14. HP: 114/114 MP: 1/30
    11 | D        | Killed a bag of meat
    11 | D        | Reached skill level 27 in Evocations
    12 | D        | Noticed a bag of meat
    12 | D        | Noticed a bag of meat
    12 | D        | Noticed a bag of meat
    12 | D        | Noticed a meat berserker
    12 | D        | Noticed a bag of meat
    13 | D        | Noticed a meat berserker
    13 | D        | Killed a bag of meat
    13 | D        | Reached ** piety under Makhleb
    13 | D        | Reached skill level 10 in Axes
    13 | D        | Reached XP level 15. HP: 111/132 MP: 2/31
    13 | D        | Killed a meat berserker
    13 | D        | Reached XP level 16. HP: 124/147 MP: 2/32
    14 | D        | Noticed a meat berserker
    14 | D        | Killed a meat berserker
    14 | D        | Reached skill level 5 in Armour
    15 | D        | Noticed a meat berserker
    15 | D        | Killed a meat berserker
    15 | D        | Reached *** piety under Makhleb
    15 | D        | Reached XP level 17. HP: 170/170 MP: 2/33
    15 | D        | Reached XP level 18. HP: 184/184 MP: 2/34
    17 | D        | Reached **** piety under Makhleb
    17 | D        | Reached skill level 10 in Stealth
    19 | D        | Noticed a meat berserker
    19 | D        | Killed a meat berserker
    19 | D        | Reached XP level 19. HP: 203/203 MP: 3/35
    19 | D        | Reached skill level 27 in Dodging
    19 | D        | Killed a meat berserker
    19 | D        | Reached ***** piety under Makhleb
    19 | D        | Reached skill level 27 in Fighting
    19 | D        | Reached skill level 27 in Axes
    20 | D        | Noticed a meat berserker
    21 | D        | Noticed a destroyer
    21 | D        | Reached skill level 15 in Stealth
    21 | D        | Reached XP level 20. HP: 215/215 MP: 4/36
    21 | D        | Reached skill level 15 in Armour
    23 | D        | Killed a meat berserker
    23 | D        | Reached skill level 27 in Short Blades
    23 | D        | Reached XP level 21. HP: 223/223 MP: 4/37
    26 | D        | Killed a meat berserker
    26 | D        | Reached ****** piety under Makhleb
    26 | D        | Reached skill level 27 in Stealth
    26 | D        | Reached skill level 27 in Armour
    26 | D        | Reached XP level 22. HP: 232/232 MP: 5/38
    28 | D        | Reached skill level 10 in Spellcasting
    28 | D        | Reached skill level 15 in Unarmed Combat
    28 | D        | Reached skill level 15 in Invocations
    30 | D        | Reached skill level 15 in Throwing
    34 | D        | Noticed a destroyer
    34 | D        | Reached skill level 15 in Spellcasting
    34 | D        | Reached XP level 23. HP: 239/239 MP: 6/41
    37 | D        | Killed a destroyer
    37 | D        | Reached XP level 24. HP: 248/248 MP: 7/47
    38 | D        | Noticed a destroyer
    38 | D        | Killed a destroyer
    38 | D        | Reached skill level 27 in Unarmed Combat
    38 | D        | Reached skill level 27 in Invocations
    38 | D        | Reached skill level 27 in Throwing
    39 | D        | Reached skill level 27 in Spellcasting
    39 | D        | Reached XP level 25. HP: 256/256 MP: 7/53
    40 | D        | Noticed a destroyer
    40 | D        | Killed a destroyer
    45 | D        | Reached XP level 26. HP: 265/265 MP: 9/53
    46 | D        | Noticed a destroyer
    47 | D        | Killed a destroyer
    48 | D        | Reached XP level 27. HP: 272/272 MP: 10/53
    51 | D        | Noticed a destroyer
    53 | D        | Noticed a destroyer
    53 | D        | Killed a destroyer
    54 | D        | Noticed an accursed
    54 | D        | Noticed a destroyer
    55 | D        | Killed a destroyer
    56 | D        | Noticed an accursed
    57 | D        | Noticed a destroyer
    57 | D        | Killed a destroyer
    58 | D        | Noticed a destroyer
    59 | D        | Noticed a dread
    59 | D        | Noticed a destroyer
    60 | D        | Noticed a tyrant
    61 | D        | Killed a destroyer
    62 | D        | Noticed The Servant
    62 | D        | Killed an accursed
    63 | D        | Noticed a meat beast
    65 | D        | Noticed a destroyer
    65 | D        | Killed an accursed
    65 | D        | Killed a destroyer
    66 | D        | Noticed a destroyer
    66 | D        | Killed a meat beast
    66 | D        | Killed a dread
    68 | D        | Noticed a destroyer
    70 | D        | Noticed a meat beast
    70 | D        | Killed a destroyer
    71 | D        | Killed a destroyer
    71 | D        | Killed a destroyer
    72 | D        | Killed a destroyer
    73 | D        | Killed a tyrant
    74 | D        | Noticed a destroyer
    74 | D        | Killed a meat beast
    76 | D        | Killed a destroyer
    77 | D        | Noticed a destroyer
    78 | D        | Noticed a meat beast
    78 | D        | Noticed a meat beast
    79 | D        | Noticed an accursed
    79 | D        | Killed The Servant
    80 | D        | Noticed a meat beast
    81 | D        | Killed a destroyer
    82 | D        | Killed a meat beast
    83 | D        | Killed a meat beast
    86 | D        | Noticed a destroyer
    87 | D        | Killed a destroyer
    90 | D        | Noticed an accursed
    94 | D        | Noticed a destroyer
    94 | D        | Killed a destroyer
    95 | D        | Noticed an accursed
    96 | D        | Killed an accursed
    97 | D        | Noticed an accursed
    97 | D        | Noticed a dread
    97 | D        | Noticed a meat beast
    98 | D        | Noticed a destroyer
    98 | D        | Killed a meat beast
    99 | D        | Noticed a tyrant
    99 | D        | Killed a destroyer
   100 | D        | Noticed a tyrant
   101 | D        | Noticed a destroyer
   102 | D        | Noticed a meat beast
   104 | D        | Killed a destroyer
   104 | D        | Killed an accursed
   105 | D        | Killed a dread
   106 | D        | Killed a destroyer
   106 | D        | Killed a meat beast
   109 | D        | Noticed a tyrant
   110 | D        | Killed a tyrant
   113 | D        | Killed an accursed
   113 | D        | Killed a meat beast
   113 | D        | Killed a tyrant
   120 | D        | Noticed a fleshlord
   120 | D        | Noticed a destroyer
   120 | D        | Noticed a dread
   123 | D        | Noticed a dread
   123 | D        | Noticed a tyrant
   124 | D        | Noticed an accursed
   124 | D        | Noticed a dread
   124 | D        | Killed a fleshlord
   124 | D        | Killed a tyrant
   125 | D        | Noticed a destroyer
   125 | D        | Killed a dread
   126 | D        | Noticed a fleshlord
   127 | D        | Noticed a tyrant
   127 | D        | Killed a dread
   128 | D        | Killed a dread
   129 | D        | Noticed a destroyer
   129 | D        | Killed a tyrant
   129 | D        | Killed a destroyer
   129 | D        | Killed a tyrant
   130 | D        | Noticed a dread
   130 | D        | Noticed a dread
   132 | D        | Noticed a destroyer
   132 | D        | Noticed a fleshlord
   133 | D        | Killed a fleshlord
   134 | D        | Killed a destroyer
   137 | D        | Killed a destroyer
   138 | D        | Noticed a tyrant
   138 | D        | Noticed a meat beast
   138 | D        | Noticed a fleshlord
   138 | D        | Noticed a tyrant
   138 | D        | Noticed a meat beast
   138 | D        | Killed a meat beast
   138 | D        | Killed an accursed
   138 | D        | Killed a dread
   139 | D        | Killed a dread
   139 | D        | Killed a fleshlord
   140 | D        | Killed a fleshlord
   141 | D        | Noticed a meat beast
   141 | D        | Noticed an accursed
   141 | D        | Killed a meat beast
   142 | D        | Noticed a tyrant
   144 | D        | Noticed an accursed
   144 | D        | Noticed an accursed
   145 | D        | Killed a destroyer
   145 | D        | Killed a meat beast
   146 | D        | Noticed a fleshlord
   146 | D        | Killed a tyrant
   148 | D        | Noticed an accursed
   149 | D        | Noticed a dread
   149 | D        | Killed a tyrant
   151 | D        | Noticed a fleshlord
   151 | D        | Killed an accursed
   152 | D        | Noticed a fleshlord
   152 | D        | Noticed a fleshlord
   152 | D        | Killed an accursed
   153 | D        | Killed a fleshlord
   156 | D        | Noticed a meat beast
   156 | D        | Killed a fleshlord
   157 | D        | Noticed a fleshlord
   157 | D        | Killed a meat beast
   158 | D        | Killed an accursed
   158 | D        | Killed an accursed
   159 | D        | Killed a fleshlord
   160 | D        | Noticed The Meatlord
   161 | D        | Noticed an accursed
   161 | D        | Killed a fleshlord
   161 | D        | Noticed a fleshlord
   163 | D        | Noticed a meat beast
   163 | D        | Noticed a dread
   163 | D        | Killed a dread
   163 | D        | Killed a fleshlord
   164 | D        | Killed an accursed
   165 | D        | Killed The Meatlord
   166 | D        | Killed a dread
   166 | D        | Killed a meat beast
   166 | D        | Killed a fleshlord
   168 | D        | Noticed a meat beast
   169 | D        | Killed a meat beast
   170 | D        | Noticed a meat beast
   171 | D        | Noticed a destroyer
   172 | D        | Noticed a destroyer
   172 | D        | Got the Orb of Zot
   172 | D        | Annihilated by a destroyer

Skill      XL: |  1  2  3  4  5  6  7  8  9 10 11 12 13 14 15 16 17 18 19 20 21 22 23 24 |
---------------+-------------------------------------------------------------------------+-----
Fighting       | 5 6 7 11 14 20 22 26 27 | 27.0
Short Blades   | 4 5 6 8 9 11 12 14 22 27 | 27.0
Dodging        | 11 13 14 17 20 23 24 26 27 | 27.0
Stealth        | 3 4 6 8 9 10 17 22 27 | 27.0
Evocations     | 21 24 26 27 | 27.0
Axes           | 2 4 10 14 19 21 25 27 | 27.0
Armour         | 1 2 4 6 7 8 14 18 27 | 27.0
Throwing       | 6 16 23 27 | 27.0
Unarmed Combat | 8 19 26 27 | 27.0
Spellcasting   | 6 15 21 27 | 27.0
Invocations    | 8 19 26 27 | 27.0

Action                   |  1- 3 |  4- 6 |  7- 9 | 10-12 | 13-15 | 16-18 | 19-21 | 22-24 | 25-27 || total
-------------------------+-------+-------+-------+-------+-------+-------+-------+-------+-------++-------
Melee: Executioner's axe |     1 |       |       |       |     2 |     4 |     4 |    10 |   116 ||   137
Invok: Greater Servant o |       |       |       |       |       |       |       |       |     4 ||     4
       Major Destruction |       |       |       |       |       |       |       |       |     1 ||     1
Armor: Leather armour    |       |       |       |       |       |       |       |       |     3 ||     3
Dodge: Dodged            |       |       |       |       |       |     1 |     1 |       |    21 ||    23
